 Dungeon Crawl Stone Soup version 0.31-a0-1074-g0b22e4e0f1 (webtiles) character file.

Game seed: 10200863621886336837

6443 bmack86 the Severer (level 10, -2/80 HPs)
             Began as a Minotaur Fighter on Dec 1, 2023.
             Was an Initiate of Gozag.
             Slain by a vampire (4 damage)
             ... on level 9 of the Dungeon.
             The game lasted 00:16:40 (6028 turns).

bmack86 the Severer (Minotaur Fighter)              Turns: 6028, Time: 00:16:40

Health: -2/80      AC: 20    Str: 26    XL:     10   Next: 67%
Magic:  9/9        EV:  8    Int:  5    God:    Gozag
Gold:   1273       SH:  5    Dex:  9    Spells: 9/9 levels left

rFire   . . .        f - +2 broad axe (vamp)
rCold   . . .        c - +0 buckler
rNeg    . . .        s - +0 chain mail
rPois   .            a - +2 hat
rElec   .            x - +0 cloak
rCorr   .            (no gloves)
SInv    .            m - +2 pair of boots
Will    .....        n - amulet of regeneration Stlth
                     A - +4 ring of protection
HPRegen 1.13/turn    (no ring)
MPRegen 0.11/turn

%: no passive effects
@: no status effects
A: horns 2, retaliatory headbutt
a: Renounce Religion, Potion Petition, Call Merchant, Bribe Branch


You were on level 9 of the Dungeon.
You worshipped Gozag.
Gozag was most pleased with you.
You visited 2 branches of the dungeon, and saw 10 of its levels.
You also visited: Sewer.

You collected 1374 gold pieces.
You paid 101 gold pieces to Gozag.

Inventory:

Hand Weapons
 f - a +2 vampiric broad axe (weapon)
 H - a +0 broad axe
Missiles
 D - 8 boomerangs
 E - 6 curare-tipped darts
Armour
 a - a +2 hat (worn)
 b - a +0 scale mail
 c - a +0 buckler (worn)
 m - a +2 pair of boots (worn)
 r - a +0 kite shield
 s - a +0 chain mail (worn)
 x - a +0 cloak (worn)
Jewellery
 g - an amulet of guardian spirit
 n - an amulet of regeneration (around neck)
 o - an amulet of magic regeneration
 y - the amulet of Ace Kil {Spirit rElec}
   (You took it off an orc wizard on level 4 of the Dungeon)

   [amulet of guardian spirit]

   Spirit:    It causes incoming damage to be divided between your reserves of
   health and magic.
   rElec:     It insulates you from electricity.
 A - a +4 ring of protection (left hand)
 F - an amulet of the acrobat
Wands
 z - a wand of mindburst (9) (quivered)
 B - a wand of polymorph (9)
Scrolls
 i - 7 scrolls of teleportation
 C - a scroll of torment
Potions
 d - 4 potions of might
 e - 4 potions of resistance
 h - 3 potions of attraction
 j - 2 potions of curing
 k - 2 potions of ambrosia
 l - a potion of invisibility
 p - 2 potions of brilliance
 q - a potion of magic {unknown}
 t - a potion of heal wounds {unknown}
 u - 2 potions of degeneration {unknown}
 v - 3 potions of haste
 w - a potion of berserk rage {unknown}
 G - a potion of enlightenment {unknown}


   Skills:
 + Level 4.4 Fighting
 - Level 18.0 Axes
 + Level 4.4 Armour
 * Level 6.2 Shields


You had 9 spell levels left.
You didn't know any spells.
Your spell library contained the following spells:

 Spells                   Type           Power      Damage    Failure   Level
 Lesser Beckoning         Tloc           0%         N/A       99%         2
 Gell's Gravitas          Tloc           0%         N/A       100%        3
 Teleport Other           Tloc           0%         N/A       100%        3


Dungeon Overview and Level Annotations

Branches:
Dungeon (9/15)             Temple (1/1) D:6           Sewer (visited)
   Lair: D:8-11         Orc: D:9-12

Altars:
Ashenzari
Cheibriados
Dithmenos
Elyvilon
Fedhas
Gozag
Hepliaklqana
Kikubaaqudgha
Makhleb
Nemelex Xobeh
Okawaru
Qazlal
Ru
Sif Muna
Trog
Uskayaw
Vehumet
Yredelemnul
Zin
The Shining One

Shops:
D:8 !


Innate Abilities, Weirdness & Mutations

You have a pair of horns on your head.
You reflexively headbutt those who attack you in melee.


Message History

The vampire hits you! The vampire barely misses you.
You bump into the rock wall.
The vampire points at you and mumbles some strange words.
You resist with some effort.
You bump into the rock wall.
The vampire hits you!
The vampire bites you but does no damage.
The vampire attacks as it pursues you!
The vampire hits you but does no damage.
The vampire bites you but does no damage.
You feel less confused.
The vampire mumbles some strange words.
The vampire flickers and vanishes!
Deactivating autopickup; reactivate with Ctrl-A.
Something hits you but does no damage. You block something's attack.
You closely miss something. Your headbutt misses something.
You slash something! Something draws life force from you.
You miss something. Your headbutt misses something.
Something draws life force from you!
You barely miss something. Something hits you but does no damage.
Something bites you.
Something draws strength from your injuries!
You closely miss something. Your headbutt misses something.
You closely miss something. Your headbutt misses something.
You block something's attack. Something bites you but does no damage.
You slash something! Your headbutt misses something. Something hits you.
Something bites you.
Something draws strength from your injuries!
You closely miss something. Something hits you but does no damage.
Something bites you but does no damage.
You miss something. Your headbutt misses something. You closely miss something.
Something draws life force from you!
* * * LOW HITPOINT WARNING * * *
You closely miss something. Something hits you.
* * * LOW HITPOINT WARNING * * *
Something bites you but does no damage.
You miss something. Something hits you!
* * * LOW HITPOINT WARNING * * *
Something bites you.
You die...
Your body crumbles into a pile of gold.

#....... .. '......
..######...... #
.............#.#
...........#.#.#
.........#.....#.
.................
#.###..........b......
.....#.#####@{#...###.
..#.#.....$..........
#.....####....|<....
#.....# #(#)...###.
#.....# ##.#..#.....
#.....###..#....###.
#......(...#..#...
#.....#....#..#.###
#..........#..# .


There were no monsters in sight!

Vanquished Creatures
  Gastronok (D:8)
  3 two-headed ogres (D:9)
  Erica (D:8)
  A wyvern (D:8)
  A steam dragon (D:7)
  An acid dragon (D:5)
  A water moccasin (D:8)
  Duvessa (D:5)
  An ice beast (D:6)
  An ogre (D:6)
  3 centaurs
  A kobold brigand (D:6)
  2 bullfrogs (Sewer)
  2 gnoll sergeants
  2 scorpions (D:6)
  Dowan (D:5)
  3 killer bees (D:7)
  2 centaur zombies (D:7)
  An orc priest (D:7)
  A gnoll bouda (D:8)
  8 hounds
  A jelly (D:7)
  3 sleepcaps
  3 iguanas
  9 orc wizards
  A killer bee zombie (D:7)
  An ogre zombie (D:7)
  A mummy (D:7)
  17 adders
  26 gnolls
  6 river rats (Sewer)
  2 shadow imps
  2 white imps
  A worm (D:2)
  3 dart slugs
  23 orcs
  12 ball pythons
  2 bats
  7 endoplasms
  4 giant cockroaches
  3 hobgoblins
  4 quokkas
  5 frilled lizards
  8 goblins
  13 kobolds
  27 rats
222 creatures vanquished.

Notes
Turn   | Place    | Note
-------+----------+-------------------------------------------
     0 | D:1      | bmack86 the Minotaur Fighter began the quest for the Orb.
     0 | D:1      | Reached XP level 1. HP: 19/19 MP: 0/0
   140 | D:1      | Reached XP level 2. HP: 26/26 MP: 1/1
   462 | D:2      | Reached skill level 3 in Axes
   505 | D:2      | Reached XP level 3. HP: 31/31 MP: 2/2
   528 | D:2      | Reached skill level 5 in Shields
   760 | D:2      | Reached skill level 4 in Axes
   760 | D:2      | Found a radiant altar of Vehumet.
   778 | D:2      | Reached XP level 4. HP: 39/39 MP: 3/3
  1238 | D:3      | Found a radiant altar of Vehumet.
  1513 | D:3      | Noticed an ice beast
  1514 | D:3      | Noticed an ice beast
  1855 | D:4      | Reached skill level 5 in Axes
  1873 | D:4      | Reached XP level 5. HP: 45/45 MP: 4/4
  1928 | D:4      | Reached skill level 6 in Axes
  2008 | D:4      | Identified the amulet of Ace Kil {Spirit rElec}
  2103 | D:4      | Reached skill level 7 in Axes
  2103 | D:4      | Reached XP level 6. HP: 51/51 MP: 5/5
  2157 | D:4      | Found a glowing drain.
  2167 | Sewer    | Entered a sewer
  2336 | Sewer    | Reached skill level 8 in Axes
  2382 | Sewer    | Reached XP level 7. HP: 55/57 MP: 6/6
  2607 | D:4      | Found an opulent altar of Gozag.
  2612 | D:4      | Became a worshipper of Gozag Ym Sagoz the Greedy
  2620 | D:4      | Found an ancient bone altar of Kikubaaqudgha.
  2948 | D:5      | Entered Level 5 of the Dungeon
  3006 | D:5      | Reached skill level 9 in Axes
  3115 | D:5      | Noticed Dowan
  3136 | D:5      | Reached skill level 10 in Axes
  3137 | D:5      | Killed Dowan
  3145 | D:5      | Noticed Duvessa
  3158 | D:5      | Killed Duvessa
  3159 | D:5      | Reached skill level 11 in Axes
  3159 | D:5      | Reached XP level 8. HP: 9/64 MP: 7/7
  3376 | D:5      | Found a blossoming altar of Fedhas.
  3600 | D:6      | Reached skill level 12 in Axes
  3684 | D:6      | Found a staircase to the Ecumenical Temple.
  3708 | D:6      | Reached skill level 13 in Axes
  3773 | Temple   | Entered the Ecumenical Temple
  4233 | D:7      | Reached XP level 9. HP: 69/70 MP: 8/8
  4355 | D:7      | Reached skill level 14 in Axes
  4568 | D:7      | Found a sparkling altar of Nemelex Xobeh.
  5176 | D:8      | Found a broken altar of Ashenzari.
  5177 | D:8      | Identified the +8 flail "Xauwk" {elec, rElec rPois rN++
                  | Int+3}
  5177 | D:8      | Noticed Erica
  5197 | D:8      | Killed Erica
  5198 | D:8      | Reached skill level 15 in Axes
  5344 | D:8      | Reached skill level 16 in Axes
  5458 | D:8      | Found Goxtais's Distillery.
  5517 | D:8      | Found a stormy altar of Qazlal.
  5528 | D:8      | Noticed Gastronok
  5540 | D:8      | Killed Gastronok
  5541 | D:8      | Reached skill level 17 in Axes
  5541 | D:8      | Reached XP level 10. HP: 77/77 MP: 9/9
  5900 | D:9      | Noticed a two-headed ogre
  5914 | D:9      | Killed a two-headed ogre
  5968 | D:9      | Noticed a two-headed ogre
  5974 | D:9      | Noticed a two-headed ogre
  5975 | D:9      | Killed a two-headed ogre
  5976 | D:9      | Reached skill level 18 in Axes
  5984 | D:9      | Killed a two-headed ogre
  6028 | D:9      | HP: 2/80 [something (10)]
  6028 | D:9      | Slain by a vampire

Illustrated notes

Levels and vault maps discovered:
D:1:      mrwooster_arrival_statue_2, layout_rooms
D:2:      layout_basic, basic_altar
D:3:      layout_basic, old_standard_altar, reono_crystal_passage,
          lightli_corner_chamber
D:4:      layout_basic, mainiacjoe_overflow_big_doors, portal_sewer_entry_d,
          minmay_misc_feat_five
D:5:      layout_rooms, fedhas_ov_isle_minmay, uniq_duvessa
D:6:      layout_rooms, minmay_temple_entry_overgrown
D:7:      layout_loops_corners, marbit_many_paths, grunt_ministairs_10,
          hangedman_decor_push, minmay_mini_ossuary
D:8:      layout_loops_ring, cheibrodos_ashenzari_chains, grunt_qazlal_clouds,
          serial_shops, nicolae_shop_statue_plus,
          nicolae_houndstooth_variations, uniq_erica, uniq_gastronok
D:9:      layout_basic, xom_butterflies, nicolae_wu_jian_immortal_techniques,
          uniq_psyche
Temple:   oiseaux_autumnal_temple

Skill      XL: |  1  2  3  4  5  6  7  8  9 10 |
---------------+-------------------------------+-----
Shields        | 4 5 6 |  6.2
Axes           | 3 4 5 7 8 11 13 17 18 | 18.0
Fighting       | 4 |  4.4
Armour         | 4 |  4.4

Action                     |  1- 3 |  4- 6 |  7- 9 | 10-12 || total
---------------------------+-------+-------+-------+-------++-------
  Melee: Broad axe         |    45 |   116 |   259 |    41 ||   461
         War axe           |     4 |       |       |       ||     4
         Headbutt          |     9 |    14 |    37 |     8 ||    68
  Evoke: Wand              |       |       |     1 |       ||     1
    Use: Scroll            |     4 |     8 |     9 |     2 ||    23
         Potion            |       |     1 |       |       ||     1
   Stab: Distracted        |       |       |     2 |       ||     2
 Armour: Scale mail        |    28 |     6 |       |       ||    34
         Chain mail        |       |   127 |   242 |    47 ||   416
  Dodge: Dodged            |    30 |    71 |   124 |    13 ||   238
  Block: Buckler           |    14 |    45 |    46 |     7 ||   112

Table legend: (Time is in decaauts)
 A = Elapsed time spent in this place.
 B = Non-inter-level travel time spent in this place.
 C = Inter-level travel time spent in this place.
 D = Time resting spent in this place.
 E = Time spent auto-exploring this place.
 F = Levels seen in this place.
 G = Mean time per level.
                   A        B        C        D        E       F      G
               +--------+--------+--------+--------+--------+-----+--------+
         Total |   6149 |   6025 |    124 |     66 |   3824 |  11 |  559.0 |
       Dungeon |   5846 |   5722 |    124 |     66 |   3801 |   9 |  649.6 |
        Temple |      1 |      1 |      0 |      0 |      0 |   1 |    1.0 |
         Sewer |    301 |    301 |      0 |      0 |     22 |   1 |  301.0 |
               +--------+--------+--------+--------+--------+-----+--------+

Top non-repeatable levels by time:
     D:7: 1032 daAuts
     D:4: 894 daAuts
     D:8: 809 daAuts
     D:2: 756 daAuts
     D:3: 672 daAuts
     D:5: 622 daAuts
     D:6: 509 daAuts
     D:1: 431 daAuts
   Sewer: 301 daAuts
     D:9: 118 daAuts
  Temple: 1 daAuts
